 Dungeon Crawl Stone Soup version 0.28-a0-1347-g113dc556a4 (webtiles) character file.

Game seed: 11170096171245412391

11048 Armakuni the Prestidigitator (level 12, -3/86 HPs)
             Began as a Human Artificer on Dec 29, 2021.
             Was a Priest of Vehumet.
             Slain by a black mamba (5 damage)
             ... while petrified by a basilisk
             ... on level 2 of the Lair of Beasts.
             The game lasted 00:35:32 (10468 turns).

Armakuni the Prestidigitator (Human Artificer)     Turns: 10468, Time: 00:35:33

Health: -3/86      AC: 11    Str: 17    XL:     12   Next: 2%
Magic:  6/12       EV:  2    Int: 20    God:    Vehumet [***...]
Gold:   470        SH:  0    Dex: 14    Spells: 9/11 levels left

rFire   . . .      SeeInvis .   b - staff of air
rCold   + . .      Faith    .   g - +2 buckler
rNeg    + + +      Spirit   .   j - +0 steam dragon scales
rPois   ∞          Reflect  .   p - +2 hat
rElec   +          Harm     .   F - +0 cloak
rCorr   .          Rampage  .   k - +2 pair of gloves
Will    .....      Rage     1%  (no boots)
Stlth   ++........              R - amulet of regeneration
HPRegen 1.04/turn               V - ring "Foumyer" {Str+2 Int+6 Slay+2}
MPRegen 0.13/turn               (no ring)

@: lethally poisoned (-3 -> -3), petrified
A: berserk 1, cold resistance 1
a: Renounce Religion


You were on level 2 of the Lair of Beasts.
You worshipped Vehumet.
Vehumet was most pleased with you.
You visited 3 branches of the dungeon, and saw 12 of its levels.

You collected 601 gold pieces.
You spent 131 gold pieces at shops.

Inventory:

Hand Weapons
 a - a +3 flail of venom
 c - a +0 hand crossbow
Missiles
 v - 21 bolts
Armour
 g - a +2 buckler (worn)
 j - +0 steam dragon scales (worn)
 k - a +2 pair of gloves (worn)
 p - a +2 hat (worn)
 y - an orb of mayhem
 F - a +0 cloak (worn)
Magical Staves
 b - a staff of air (weapon)
 d - a staff of death
Jewellery
 R - an amulet of regeneration (around neck)
 V - the ring "Foumyer" (left hand) {Str+2 Int+6 Slay+2}
   (You acquired it on level 7 of the Dungeon)

   [ring of intelligence]

   Str:       It affects your strength (+2).
   Int:       It affects your intelligence (+6).
   Slay:      It affects your accuracy & damage with ranged weapons and melee
   (+2).
Wands
 C - a wand of acid (8)
 H - a wand of flame (5)
Scrolls
 e - a scroll of silence
 h - a scroll of immolation
 i - 4 scrolls of teleportation
 m - 2 scrolls of blinking
 q - 2 scrolls of fog
 w - a scroll of noise
 z - 4 scrolls of fear
 A - a scroll of vulnerability
 B - a scroll of amnesia
 D - a scroll of enchant weapon
 G - a scroll of summoning
 I - a scroll of magic mapping
Potions
 f - 3 potions of heal wounds
 l - a potion of magic
 n - 4 potions of curing
 o - 2 potions of attraction
 r - 2 potions of lignification
 s - 2 potions of resistance
 t - 2 potions of brilliance
 u - a potion of haste {unknown}
 E - a potion of might
 J - a potion of ambrosia {unknown}
 K - a potion of invisibility {unknown}
Miscellaneous
 x - a piece from Xom's chessboard (9/15) (quivered)


   Skills:
 - Level 5.4 Fighting
 - Level 5.4(8.1) Maces & Flails
 + Level 9.3(9.9) Staves
 - Level 2.0 Armour
 - Level 1.0 Dodging
 - Level 1.0 Stealth
 - Level 4.0 Shields
 + Level 9.2 Air Magic
 + Level 9.8 Evocations


You had 9 spell levels left.
You knew the following spells:

 Your Spells              Type           Power      Damage    Failure   Level
s - Static Discharge      Conj/Air       27%        N/A       1%          2

Your spell library contained the following spells:

 Spells                   Type           Power      Damage    Failure   Level
 Inner Flame              Hex/Fire       0%         N/A       16%         3
 Animate Skeleton         Necr           0%         N/A       19%         1
 Pain                     Necr           0%         1d4       19%         1
 Slow                     Hex            0%         N/A       19%         1
 Hailstorm                Conj/Ice       0%         3d3       41%         4
 Call Canine Familiar     Summ           0%         N/A       50%         3
 Confusing Touch          Hex            0%         N/A       50%         3
 Portal Projectile        Hex/Tloc       0%         N/A       50%         3
 Vampiric Draining        Necr           0%         2d6       50%         3
 Irradiate                Conj/Tmut      0%         3d13      75%         5
 Animate Dead             Necr           0%         N/A       88%         4
 Ice Form                 Ice/Tmut       0%         N/A       88%         4
 Blade Hands              Tmut           0%         N/A       99%         5
 Borgnjor's Vile Clutch   Necr/Erth      0%         N/A       99%         5
 Summon Forest            Summ/Tloc      0%         N/A       99%         5
 Death Channel            Necr           0%         N/A       100%        6
 Simulacrum               Ice/Necr       0%         N/A       100%        6
 Dragon Form              Tmut           0%         N/A       100%        7


Dungeon Overview and Level Annotations

Branches:
Dungeon (9/15)             Temple (1/1) D:5            Lair (2/6) D:9
  Swamp: Lair:2-4    Shoals: Lair:2-4     Snake: Lair:2-4    Spider: Lair:2-4
    Orc: D:9-12

Altars:
Ashenzari
Elyvilon
Fedhas
Hepliaklqana
Kikubaaqudgha
Makhleb
Qazlal
Trog
Uskayaw
Vehumet
Yredelemnul
Zin
The Shining One

Shops:
D:4 ?!?==   D:7 *


Innate Abilities, Weirdness & Mutations

You tend to lose your temper in combat.
Your flesh is cold resistant. (rC+)


Message History

Your limbs are stiffening.
Unknown command.
You miss the black mamba.
The black mamba is severely wounded.
You feel extremely sick.
The black mamba bites you but does no damage.
The basilisk bites you but does no damage.
The black mamba bites you!
You have turned to stone.
The black mamba barely misses you. The basilisk gazes at you.
You resist with some effort. The black mamba bites you. x2
The basilisk gazes at you.
The black mamba bites you but does no damage.
The basilisk gazes at you. You resist with some effort.
The black mamba bites you. The black mamba barely misses you.
The basilisk bites you. The black mamba bites you.
The black mamba bites you but does no damage.
The basilisk gazes at you.
The black mamba bites you but does no damage.
The black mamba bites you. The basilisk bites you!
The black mamba bites you but does no damage.
The black mamba bites you.
The basilisk bites you but does no damage.
The black mamba bites you!
* * * LOW HITPOINT WARNING * * *
The basilisk bites you but does no damage.
The black mamba bites you!
* * * LOW HITPOINT WARNING * * *
The black mamba bites you!
* * * LOW HITPOINT WARNING * * *
The basilisk bites you.
* * * LOW HITPOINT WARNING * * *
The black mamba bites you!
* * * LOW HITPOINT WARNING * * *
The black mamba bites you but does no damage.
The basilisk gazes at you. You resist with some effort.
The black mamba bites you!
You die...

#P..#.........,,,,,,,,* ##.
*#.............,,,,..#*** ##
##.............,*#...##.* #
#...#...###.,..##......#*
..P###..##***,.........****
..## ###.###*,#..#...#,,,,*
..## #....####.#....#...**
#.P# ##....##..S........##
#### #♣.####..@.........#
##.♣.##..l#†♣.♣.....##
#.....#..#.......#...## #
#♣.<..'..#...>...#....#####
*#.....#..#.......#..#.#.#..
*#.#.♣.##..##.♣.♣......)#....
#.####.##.........#..##....##
##* *.####...........##...#.#
##* ##.#.......##..#####


You could see a black mamba and a basilisk.

Vanquished Creatures
  2 hydras (Lair:1)
  Joseph (D:7)
  2 black mambas
  4 cane toads
  2 komodo dragons (Lair:1)
  A troll (D:7)
  4 blink frogs (D:9)
  2 wyverns
  12 yaks
  A basilisk (Lair:2)
  2 steam dragons (D:8)
  3 water moccasins
  An orc warrior (D:9)
  2 sky beasts (D:8)
  3 ogres
  2 necrophages
  4 wolves (Lair:1)
  4 centaurs
  7 bullfrogs
  A kobold brigand (D:9)
  2 scorpions
  4 killer bees (D:9)
  A water moccasin skeleton (D:6)
  2 wights (D:7)
  6 howler monkeys
  A centaur zombie (D:9)
  5 hounds
  Crazy Yiuf (D:7)
  2 jellies
  A bullfrog zombie (D:6)
  3 orc priests
  An iguana (D:6)
  6 orc wizards
  2 hound skeletons
  2 howler monkey zombies
  A howler monkey skeleton (D:7)
  8 adders
  7 gnolls
  3 white imps (D:7)
  2 ufetubi
  3 dart slugs
  20 orcs
  7 ball pythons
  6 endoplasms
  2 giant cockroaches (D:4)
  7 hobgoblins
  3 jackals (D:4)
  A quokka (D:1)
  3 bats
  3 frilled lizards
  6 goblins
  14 kobolds
  3 rats
198 creatures vanquished.

Vanquished Creatures (collateral kills)
  Edmund (D:4)
  A wight (D:7)
  An orc priest (D:4)
  An orc wizard (D:4)
  5 orcs (D:4)
9 creatures vanquished.

Vanquished Creatures (others)
  A sky beast (D:8)
  2 wights (D:7)
  An orc wizard (D:4)
  A goblin (D:1)
  10 fungi
  11 plants
26 creatures vanquished.

Grand Total: 233 creatures vanquished

Notes
Turn   | Place    | Note
-------+----------+-------------------------------------------
     0 | D:1      | Armakuni the Human Artificer began the quest for the Orb.
     0 | D:1      | Reached XP level 1. HP: 15/15 MP: 1/1
   283 | D:1      | Reached XP level 2. HP: 21/21 MP: 2/2
   309 | D:1      | Reached skill level 1 in Maces & Flails
  1089 | D:1      | Reached XP level 3. HP: 26/27 MP: 3/3
  1329 | D:1      | Found a faded altar of an unknown god.
  2213 | D:2      | You fall into a shaft and drop 2 floors!
  2215 | D:4      | Noticed Edmund
  2231 | D:4      | Reached XP level 4. HP: 34/34 MP: 4/4
  2250 | D:4      | Reached XP level 5. HP: 41/41 MP: 5/5
  2281 | D:4      | Found Ocwadapp's Jewellery Shop.
  3430 | D:4      | Found Piask's Magic Scroll Shoppe.
  3439 | D:4      | Noticed an ogre
  3440 | D:4      | Found Ukkott Zunes's Distillery.
  3446 | D:4      | Bought a scroll of immolation for 49 gold pieces
  3479 | D:4      | Noticed an ogre
  3490 | D:4      | Killed an ogre
  3491 | D:4      | Reached XP level 6. HP: 49/49 MP: 6/6
  3534 | D:4      | Gained mutation: Your body sometimes deteriorates upon
                  | taking damage. [potion of mutation]
  3534 | D:4      | Gained mutation: You have hidden genetic potential. [potion
                  | of mutation]
  3589 | D:4      | Killed Edmund
  3590 | D:4      | Reached skill level 5 in Fighting
  3590 | D:4      | Reached skill level 5 in Maces & Flails
  3590 | D:4      | Reached XP level 7. HP: 53/56 MP: 7/7
  3691 | D:4      | Bought a potion of lignification for 42 gold pieces
  3732 | D:4      | Found Gedwuzum's Magic Scroll Shoppe.
  3736 | D:4      | Bought a scroll of fog for 20 gold pieces
  4004 | D:4      | Found Vojeygat's Jewellery Boutique.
  4232 | D:4      | Gained mutation: Your flesh is cold resistant. (rC+)
                  | [hidden potential]
  4331 | D:4      | Bought a scroll of identify for 20 gold pieces
  4396 | D:5      | Entered Level 5 of the Dungeon
  4407 | D:5      | Found a stormy altar of Qazlal.
  4458 | D:5      | Found a blossoming altar of Fedhas.
  4544 | D:5      | Found a staircase to the Ecumenical Temple.
  4564 | Temple   | Entered the Ecumenical Temple
  4656 | Temple   | Became a worshipper of Vehumet
  5086 | D:5      | Reached skill level 1 in Staves
  5086 | D:5      | Reached skill level 1 in Air Magic
  5086 | D:5      | Reached XP level 8. HP: 63/63 MP: 8/8
  5320 | D:6      | Found a hazy altar of Hepliaklqana.
  5373 | D:6      | Gained mutation: You are covered in fur. (AC +1) [hidden
                  | potential]
  5373 | D:6      | Lost mutation: You have hidden genetic potential. [hidden
                  | potential expressed]
  5636 | D:6      | Reached * piety under Vehumet
  5636 | D:6      | Offered knowledge of Foxfire by Vehumet.
  5943 | D:7      | Noticed Joseph
  6248 | D:7      | Killed Joseph
  6249 | D:7      | Reached skill level 5 in Evocations
  6249 | D:7      | Reached XP level 9. HP: 49/68 MP: 9/9
  6313 | D:7      | Identified a scroll of acquirement
  6313 | D:7      | Acquired the ring "Foumyer" {Str+2 Int+6 Slay+2}
  6341 | D:7      | Noticed a troll
  6462 | D:7      | Killed a troll
  6535 | D:7      | Reached skill level 5 in Staves
  6535 | D:7      | Reached skill level 5 in Air Magic
  6613 | D:7      | Found a runed translucent door.
  6614 | D:7      | Noticed Crazy Yiuf
  6620 | D:7      | Killed Crazy Yiuf
  6707 | D:7      | Found Niohext's Gadget Gallery.
  7005 | D:8      | Lost mutation: Your body sometimes deteriorates upon taking
                  | damage. [potion of mutation]
  7005 | D:8      | Lost mutation: Your flesh is cold resistant. (rC+) [potion
                  | of mutation]
  7005 | D:8      | Lost mutation: You are covered in fur. (AC +1) [potion of
                  | mutation]
  7005 | D:8      | Gained mutation: You tend to lose your temper in combat.
                  | [potion of mutation]
  7005 | D:8      | Gained mutation: Your flesh is cold resistant. (rC+)
                  | [potion of mutation]
  7044 | D:8      | Reached XP level 10. HP: 45/74 MP: 10/10
  7118 | D:8      | Offered knowledge of Static Discharge by Vehumet.
  7123 | D:8      | Learned a level 2 spell: Static Discharge
  7148 | D:8      | Reached skill level 1 in Shields
  7154 | D:8      | Reached ** piety under Vehumet
  8019 | D:9      | Found a broken altar of Ashenzari.
  8189 | D:9      | Found a staircase to the Lair.
  8945 | Lair:1   | Entered Level 1 of the Lair of Beasts
  8955 | Lair:1   | Noticed a black mamba
  8957 | Lair:1   | Identified the +9 rapier "Impbane" {elec, Str+5}
  8972 | D:9      | Killed a black mamba
  9105 | D:9      | Reached XP level 11. HP: 80/80 MP: 11/11
  9195 | Lair:1   | Noticed a seven-headed hydra
  9224 | Lair:1   | Killed a seven-headed hydra
  9287 | Lair:1   | Offered knowledge of Frozen Ramparts by Vehumet.
  9511 | Lair:1   | Reached *** piety under Vehumet
  9614 | Lair:1   | Noticed a six-headed hydra
  9629 | Lair:1   | Killed a six-headed hydra
 10216 | Lair:2   | Got Sif Muna's Compendium of Displacement and Summoning
 10326 | Lair:2   | Offered knowledge of Inner Flame by Vehumet.
 10348 | Lair:2   | Reached XP level 12. HP: 52/86 MP: 6/12
 10467 | Lair:2   | HP: 1/86 [black mamba (6)]
 10468 | Lair:2   | Slain by a black mamba

Illustrated notes

Levels and vault maps discovered:
D:1:      dpeg_arrival_simpleton_b, layout_loops_ring,
          shapermc_ecumenical_altar_mp_vishouse, chequers_big_river
D:2:      layout_loops_cross, small_statue_intersection, grunt_decor_one_mirror,
          minmay_tripent
D:3:      layout_loops_ring, dk_noncrumbling_4
D:4:      layout_basic, nicolae_overflow_hidden_temple, serial_shops, shop,
          nicolae_square_shop, shop_scrolls, nicolae_take_the_stairs,
          nicolae_square_shop, minmay_pentangle, uniq_edmund
D:5:      layout_loops_ring, grunt_temple_overflow_forces_of_nature,
          minmay_temple_entry_waves, minmay_misc_feat_more_columns,
          chequers_serial_rivers_small_3, grunt_decor_fettered
D:6:      layout_loops_cross, mainiacjoe_overflow_catwalk
D:7:      layout_cave_pools, nicolae_shop_gadgets, uniq_joseph,
          uniq_crazy_yiuf_cottage
D:8:      layout_basic, hangedman_misty_isle
D:9:      layout_basic, ashenzari_altar_1, lair_entry_dummy
Temple:   dpeg_three_leaves_temple
Lair:1:   layout_chaotic_city, grunt_forest_stairs_basic, serial_bayou_pond_d,
          grunt_megastairs_1
Lair:2:   layout_cave_pods, grunt_megastairs_2

Skill      XL: |  1  2  3  4  5  6  7  8  9 10 11 |
---------------+----------------------------------+-----
Maces & Flails | 1 2 4 5 |  5.4
Fighting       | 2 3 4 5 |  5.4
Staves         | 1 4 5 7 9 |  9.3
Air Magic      | 1 4 5 7 9 |  9.2
Evocations     | 5 6 8 9 |  9.8
Shields        | 4 |  4.0
Armour         | |  2.0
Dodging        | |  1.0
Stealth        | |  1.0

Action                   |  1- 3 |  4- 6 |  7- 9 | 10-12 || total
-------------------------+-------+-------+-------+-------++-------
Melee: Club              |    77 |       |       |       ||    77
       Whip              |    40 |   119 |       |       ||   159
       Flail             |       |       |   245 |   229 ||   474
       Staff             |       |       |       |    74 ||    74
 Fire: Hand crossbow     |       |       |     9 |       ||     9
Throw: Throwing net      |       |       |     1 |     1 ||     2
 Cast: Static Discharge  |       |       |       |    13 ||    13
Evoke: Piece from Xom's  |    19 |     7 |     6 |     2 ||    34
       Wand              |     7 |    20 |     3 |     8 ||    38
  Use: Scroll            |     5 |     3 |    11 |     5 ||    24
       Potion            |       |     4 |     1 |       ||     5
 Stab: Paralysed         |     8 |       |     2 |     5 ||    15
       Petrified         |     2 |    23 |       |       ||    25
       Sleeping          |     1 |       |       |     3 ||     4
       Petrifying        |     1 |       |       |       ||     1
       Distracted        |       |       |     1 |       ||     1
       Held in net/web   |       |       |       |     1 ||     1
Armor: Leather armour    |    36 |    10 |       |       ||    46
       Ring mail         |       |    30 |   128 |       ||   158
       Steam dragon scal |       |       |       |   137 ||   137
Dodge: Dodged            |    68 |    66 |   117 |   146 ||   397
Block: Buckler           |       |       |       |    90 ||    90

Table legend: (Time is in decaauts)
 A = Elapsed time spent in this place.
 B = Non-inter-level travel time spent in this place.
 C = Inter-level travel time spent in this place.
 D = Time resting spent in this place.
 E = Time spent auto-exploring this place.
 F = Levels seen in this place.
 G = Mean time per level.
                   A        B        C        D        E       F      G
               +--------+--------+--------+--------+--------+-----+--------+
         Total |  10576 |  10137 |    439 |   1273 |   5692 |  12 |  881.3 |
       Dungeon |   9008 |   8615 |    393 |   1053 |   4925 |   9 | 1000.9 |
        Temple |    105 |     93 |     12 |      0 |     58 |   1 |  105.0 |
          Lair |   1462 |   1428 |     34 |    219 |    709 |   2 |  731.0 |
               +--------+--------+--------+--------+--------+-----+--------+

Top non-repeatable levels by time:
     D:1: 1582 daAuts
     D:4: 1437 daAuts
     D:8: 1094 daAuts
     D:9: 1094 daAuts
     D:6: 975 daAuts
  Lair:1: 972 daAuts
     D:2: 750 daAuts
     D:7: 721 daAuts
     D:5: 705 daAuts
     D:3: 646 daAuts
  Lair:2: 489 daAuts
  Temple: 105 daAuts
